Description

This build order come from Garitos (5k9 Zerg Player) from a ladder game. It's a Ling/Baneling/Hydra reactive playstyle. The build order is really safe and in this replay, Garitos show us how to deal with early pressures.

Notes : - With the first overlord, check every proxy rax position - Your first overlord go close to the main base to check what is the build at 4min

  • The baneling nest is defensive, you should make baneling only if you see a pressure coming (hellbat push for example)
  • Upgrades are +1 Melee, +1 defense
  • If you play against a tank/marine playstyle, add 2 vipers for blinding clouds
  • For the late game, Ultralisk is the best choice because you already have upgrades

VOD

https://youtu.be/FAooEr-QMRI

Replay - Dolan v garitos - Acropolis EC

Build Order

Get SALT Encoding   

  12  0:00  Drone  
  13  0:13  Overlord  
  13  0:31  Drone x2  
  15  0:38  Drone  
  16  0:54  Hatchery  
  16  0:56  Drone x2  
  17  1:09  Extractor, Drone  
  17  1:23  Spawning Pool, Drone  
  17  1:36  Drone x2  
  20  2:09  Queen x2  
  20  2:11  Zergling x4  
  20  2:15  Metabolic Boost  
  26  2:26  Hatchery  
  27  2:38  Extractor  
  28  2:45  Overlord  
  29  3:04  Extractor  
  32  3:11  Queen  
  36  3:33  Overlord  
  36  3:39  Overlord  
  42  3:43  Baneling Nest  
  42  3:51  Queen x2  
  42  3:54  Zergling x6  
  49  4:00  Queen  
  49  4:01  Zergling x4  
  53  4:09  Overlord  
  58  4:29  Lair  
  65  4:45  Extractor  
  77  5:18  Zergling x4  
  81  5:39  Hatchery  
  81  5:42  Evolution Chamber x2  
  79  5:43  Centrifical Hooks  
  81  6:03  Hydralisk Den, Extractor x2  
  86  6:18  Zerg Ground Armor Level 1  
  86  6:21  Extractor  
  90  6:27  Extractor  
  95  6:34  Hatchery  
  94  6:41  Overseer  
  94  6:47  Grooved Spines  
  94  7:01  Zergling x2  
  105  7:05  Zerg Melee Weapons Level 1  
  105  7:07  Hydralisk x3  
  105  7:08  Evolution Chamber  
  108  7:15  Hydralisk x3  
  110  7:19  Extractor x2  
  117  7:29  Hydralisk x4  
  131  7:38  Queen  
  131  7:41  Baneling x5  
  134  7:44  Queen  
  161  8:32  Infestation Pit, Muscular Augments  
  161  8:33  Zerg Missile Weapons Level 1, Zerg Ground Armor Level 2  
  171  9:01  Baneling x5  
  176  9:13  Hive  
  167  9:18  Hatchery  
Spawning Tool Build Advisor. Get it on Overwolf

Go to:

Details

  • Created by: zuka      
  • Published on: Jul 13, 2019
  • Modified on: Jul 13, 2019
  • Patch: 4.7.1
Show
View Real Time Build Order
Export as new Build Order

Comments (0)

There are no comments. Be the first!

Create an account to comment!